[Event "Titled Tuesday Blitz April 4 Late 2023"]
[White "Koutlas, Nikolaos"]
[Black "Tsyhanchuk, Stanislav"]
[WhiteFideId "25827138"]
[BlackFideId "13505130"]
[WhiteElo "2215"]
[BlackElo "2173"]
[Result "1-0"]
[Round "09"]
[TimeControl "180+2"]
[Date "2023.04.04"]
[WhiteClock "0:00:28"]
[BlackClock "0:00:21"]

1. e4 c5 2. Nf3 d6 3. d4 cxd4 4. Nxd4 Nf6 5. Nc3 a6 6. Be2 e5 7. Nb3 Be6 8. O-O Nbd7 9. f4 Rc8 10. f5 Bc4 11. Be3 b5 12. Bxc4 Rxc4 13. Qd3 Be7 14. Rad1 O-O 15. Nd2 Rc8 16. a3 Nc5 17. Qe2 Qc7 18. Bg5 h6 19. Bxf6 Bxf6 20. Nd5 Qd8 21. Nxf6+ Qxf6 22. Nb1 Na4 23. b3 Nc3 24. Nxc3 Rxc3 25. Rf3 Rfc8 26. Rxc3 Rxc3 27. Qd2 Rc6 28. Qd5 Rxc2 29. Qxd6 Qxd6 30. Rxd6 Rb2 31. b4 Re2 32. Rxa6 Rxe4 33. Rb6 Re1+ 34. Kf2 Ra1 35. Rxb5 Ra2+ 36. Kf1 Ra1+ 37. Ke2 Ra2+ 38. Kd3 Rxa3+ 39. Kc4 f6 40. Rb7 Ra2 41. g4 Rxh2 42. b5 Rg2 43. b6 Rxg4+ 44. Kc5 Rg1 45. Ra7 Rb1 46. b7 Kh7 47. Kc6 h5 48. Ra8 Kh6 49. b8=Q Rxb8 50. Rxb8 Kg5 51. Rg8 Kxf5 52. Rxg7 h4 53. Kd5 h3 54. Rg3 h2 55. Rh3 Kf4 56. Rxh2 e4 57. Rh4+ Kg3 58. Rxe4 f5 59. Re8 f4 60. Ke4 f3 61. Rg8+ 1-0


[Site "https://www.chess.com"]

[Event "Titled Tuesday Blitz April 4 Late 2023"]
[White "mjelcic"]
[Black "Meunier-Pion, Jean"]
[BlackFideId "20685327"]
[WhiteElo "2241"]
[BlackElo "2124"]
[Result "0-1"]
[Round "09"]
[TimeControl "180+2"]
[Date "2023.04.04"]
[WhiteClock "0:01:42"]
[BlackClock "0:01:58"]

1. e4 c5 2. c3 Nf6 3. e5 Nd5 4. Nf3 Nc6 5. Bc4 Nb6 6. Bb3 c4 7. Bc2 d5 8. exd6 Qxd6 9. O-O Bg4 10. Re1 O-O-O 11. b3 e5 12. Ba3 Qf6 13. Bxf8 Rhxf8 14. Be4 Qh6 15. Qc2 Rfe8 16. Bxc6 bxc6 17. Nxe5 f6 18. Nf3 Bxf3 19. Rxe8 Rxe8 20. gxf3 Re1+ 21. Kg2 Qg5+ 22. Kh3 Rg1 23. Qe4 Qg2+ 0-1


[Site "https://www.chess.com"]

[Event "Titled Tuesday Blitz April 4 Late 2023"]
[White "Buchenau, Frank"]
[Black "Bacallao Alonso, Yusnel"]
[WhiteFideId "4604350"]
[BlackFideId "3507416"]
[WhiteElo "2157"]
[BlackElo "2561"]
[Result "0-1"]
[Round "09"]
[TimeControl "180+2"]
[Date "2023.04.04"]
[WhiteClock "0:00:51"]
[BlackClock "0:01:15"]

1. e4 c6 2. Nf3 d5 3. Nc3 dxe4 4. Nxe4 Nf6 5. Qe2 Bf5 6. d3 e6 7. Bd2 Nbd7 8. O-O-O a5 9. Kb1 a4 10. a3 Qb6 11. Ka1 Be7 12. c4 O-O 13. Bc3 Rfd8 14. Nh4 Bxe4 15. dxe4 Nc5 16. f3 Rxd1+ 17. Qxd1 Rd8 18. Qe1 Nfxe4 19. fxe4 Bxh4 20. g3 Bg5 21. Bg2 Bd2 22. Bxd2 Rxd2 0-1


[Site "https://www.chess.com"]

[Event "Titled Tuesday Blitz April 4 Late 2023"]
[White "Perske, Thore"]
[Black "Romero Ruscalleda, Josep"]
[WhiteFideId "12902195"]
[BlackFideId "2231859"]
[WhiteElo "2336"]
[BlackElo "2183"]
[Result "0-1"]
[Round "09"]
[TimeControl "180+2"]
[Date "2023.04.04"]
[WhiteClock "0:02:09"]
[BlackClock "0:02:13"]

1. d4 g6 2. g3 Bg7 3. Bg2 d6 4. e4 Nc6 5. Ne2 e5 6. Be3 exd4 7. Nxd4 Nge7 8. O-O O-O 9. c4 Bd7 10. Nc3 f5 11. Nd5 fxe4 12. Bxe4 Nf5 13. Bg5 Qxg5 14. Nxc7 Nfxd4 0-1


[Site "https://www.chess.com"]

[Event "Titled Tuesday Blitz April 4 Late 2023"]
[White "Stachanczyk, Jacek"]
[Black "Gubajdullin, Alexei"]
[WhiteFideId "1116657"]
[BlackFideId "4141202"]
[WhiteElo "2084"]
[BlackElo "2279"]
[Result "0-1"]
[Round "09"]
[TimeControl "180+2"]
[Date "2023.04.04"]
[WhiteClock "0:00:17"]
[BlackClock "0:01:59"]

1. e4 e5 2. Nf3 Nf6 3. Nxe5 d6 4. Nf3 Nxe4 5. Nc3 Nxc3 6. dxc3 Be7 7. Be3 Nc6 8. Qd2 Be6 9. O-O-O Qd7 10. Kb1 O-O-O 11. Nd4 Bd5 12. Nxc6 Bxc6 13. Qd4 b6 14. Qxg7 Qe6 15. Qd4 Rhg8 16. Rg1 Rg4 17. Qd2 f5 18. g3 Bf3 19. Re1 Qf7 20. Be2 Bxe2 21. Rxe2 Bf6 22. Rge1 Ra4 23. b3 Re4 24. Bd4 Bxd4 25. Rxe4 Bxc3 26. Qxc3 fxe4 27. Rxe4 Qxf2 28. Re7 Rd7 29. Qh8+ Rd8 30. Qg7 Qc5 31. a4 d5 32. Qxh7 d4 33. Qh3+ Kb8 34. Qh4 d3 35. Re2 dxe2 36. Qxd8+ Kb7 0-1


[Site "https://www.chess.com"]

[Event "Titled Tuesday Blitz April 4 Late 2023"]
[White "Schuster, Karsten"]
[Black "Goffredo_Fofi"]
[WhiteFideId "4611071"]
[WhiteElo "2294"]
[BlackElo "2493"]
[Result "0-1"]
[Round "09"]
[TimeControl "180+2"]
[Date "2023.04.04"]
[WhiteClock "0:00:06"]
[BlackClock "0:00:03"]

1. d4 Nf6 2. Bg5 d5 3. Bxf6 exf6 4. Nf3 Bd6 5. e3 c6 6. c4 dxc4 7. Bxc4 f5 8. g3 Nd7 9. O-O O-O 10. Nc3 Nf6 11. Re1 Qe7 12. Rc1 Ne4 13. Bf1 Bb4 14. Bg2 Be6 15. Qa4 a5 16. Ne5 h5 17. h4 g5 18. hxg5 Qxg5 19. Bxe4 Bxc3 20. Rxc3 fxe4 21. Qd1 Kg7 22. Rc5 Bd5 23. Kf1 Rh8 24. b3 Qf5 25. g4 Qg5 26. Ke2 hxg4 27. Rg1 f5 28. Rg2 Rh3 29. Qg1 a4 30. Nxg4 Kf8 31. Ne5 Qh5+ 32. Kd2 axb3 33. axb3 Ra2+ 34. Rc2 Rxc2+ 35. Kxc2 Qe2+ 36. Kc3 Qb5 37. Rg5 Qxb3+ 38. Kd2 Qb2+ 39. Ke1 Qc1+ 40. Ke2 Qc2+ 41. Kf1 Be6 42. Kg2 Rh7 43. Rg6 Bf7 44. Nxf7 Kxf7 45. Rg5 Qc4 46. Kg3 Qe6 47. Kf4 Ke7 48. Rxf5 Rh4+ 49. Kg5 Qh6# 0-1


[Site "https://www.chess.com"]

[Event "Titled Tuesday Blitz April 4 Late 2023"]
[White "Papayan, Oleg"]
[Black "Ozalp, Burak"]
[WhiteFideId "4193911"]
[BlackFideId "6314210"]
[WhiteElo "2153"]
[BlackElo "2106"]
[Result "1-0"]
[Round "09"]
[TimeControl "180+2"]
[Date "2023.04.04"]
[WhiteClock "0:00:08"]
[BlackClock "0:00:09"]

1. e4 e5 2. Nf3 Nc6 3. Bb5 a6 4. Bxc6 dxc6 5. O-O Bg4 6. h3 h5 7. d3 Bxf3 8. Qxf3 Bd6 9. Qg3 g6 10. Bg5 Qd7 11. Nd2 Ne7 12. Bf6 Rg8 13. Bxe5 Bxe5 14. Qxe5 O-O-O 15. Nb3 b6 16. a4 a5 17. Rae1 c5 18. Re3 Nc6 19. Qf6 Rde8 20. c3 g5 21. Qf5 Qxf5 22. exf5 Rxe3 23. fxe3 Re8 24. Kf2 Re5 25. g4 h4 26. Nd2 Rd5 27. Ke2 Ne5 28. d4 cxd4 29. cxd4 Nc6 30. Ne4 b5 31. b3 Nb4 32. Nxg5 c5 33. Rc1 f6 34. Ne4 Kb8 35. Rxc5 bxa4 36. bxa4 Rd7 37. Nxf6 Rb7 38. Rxa5 Nc6 39. Rb5 Kc7 40. Nd5+ Kc8 41. f6 Rf7 42. Kd3 Rd7 43. e4 Rf7 44. e5 Na7 45. Rc5+ Kb7 46. Ke4 Nc6 47. Nb4 Na5 48. Rxa5 Kb6 49. Rb5+ Kc7 50. Kf5 Rf8 51. Nd5+ Kc6 52. Nf4 Rg8 53. d5+ Kc7 54. d6+ Kc6 55. f7 Rf8 56. Kg6 Rd8 57. e6 Kxd6 58. Rd5+ Ke7 59. Rxd8 Kxd8 60. f8=Q+ Kc7 61. e7 Kd6 62. e8=Q+ Kc7 63. Qee7+ Kb6 64. Qc5+ Ka6 65. Qfd6+ 1-0


[Site "https://www.chess.com"]

[Event "Titled Tuesday Blitz April 4 Late 2023"]
[White "Rios Escobar, Adan"]
[Black "Rodriguez Santiago, Jaime"]
[WhiteFideId "3403645"]
[BlackFideId "3100898"]
[WhiteElo "2467"]
[BlackElo "2025"]
[Result "1-0"]
[Round "09"]
[TimeControl "180+2"]
[Date "2023.04.04"]
[WhiteClock "0:00:06"]
[BlackClock "0:01:00"]

1. d4 Nf6 2. g3 e6 3. c4 d5 4. Nf3 dxc4 5. Bg2 c5 6. O-O Nc6 7. dxc5 Qxd1 8. Rxd1 Bxc5 9. Nbd2 c3 10. bxc3 O-O 11. Nb3 Be7 12. Bb2 a5 13. c4 a4 14. Nbd4 a3 15. Bc3 Nxd4 16. Nxd4 Ra4 17. Nb5 Rxc4 18. Be5 Rc5 19. Bd6 Bxd6 20. Nxd6 Nd5 21. Rd3 Ra5 22. Rb1 b6 23. Nc4 Ba6 24. Nxa5 Bxd3 25. exd3 bxa5 26. Rb5 a4 27. Bxd5 exd5 28. Ra5 Rc8 29. Rxa4 Rc3 30. Ra8+ 1-0


[Site "https://www.chess.com"]

[Event "Titled Tuesday Blitz April 4 Late 2023"]
[White "Novikova, Galina"]
[Black "Jovic, Stanoje"]
[WhiteFideId "4157095"]
[BlackFideId "905020"]
[WhiteElo "1953"]
[BlackElo "2236"]
[Result "0-1"]
[Round "09"]
[TimeControl "180+2"]
[Date "2023.04.04"]
[WhiteClock "0:00:04"]
[BlackClock "0:00:46"]

1. e4 c6 2. d4 d5 3. e5 c5 4. dxc5 e6 5. Qg4 h5 6. Qg3 Ne7 7. Nf3 Nf5 8. Qh3 Bxc5 9. Bd3 Nc6 10. g4 Nfd4 11. gxh5 Nxf3+ 12. Qxf3 Nxe5 13. Qg3 Qf6 14. Bb5+ Bd7 15. Bxd7+ Kxd7 16. Nc3 Rxh5 17. Bf4 Rf5 18. Be3 Nf3+ 19. Kf1 Bxe3 20. fxe3 Rh8 21. Ke2 Rh6 22. Nb5 Ne5 23. Nd4 Rg6 24. Nxf5 Rxg3 25. Nxg3 Qf3+ 26. Kd2 Nc4+ 27. Kc1 Qxe3+ 28. Kb1 Nd2+ 29. Kc1 Nb3+ 30. Kb1 Qc1+ 31. Rxc1 Nd2# 0-1


[Site "https://www.chess.com"]

[Event "Titled Tuesday Blitz April 4 Late 2023"]
[White "Mazurkiewicz, Michal"]
[Black "Rian, Kapriaga"]
[WhiteFideId "1124943"]
[BlackFideId "7103263"]
[WhiteElo "2054"]
[BlackElo "2319"]
[Result "1-0"]
[Round "09"]
[TimeControl "180+2"]
[Date "2023.04.04"]
[WhiteClock "0:01:04"]
[BlackClock "0:00:02"]

1. e4 c6 2. d3 d5 3. Nd2 e5 4. Ngf3 Bd6 5. d4 exd4 6. exd5 cxd5 7. Nxd4 Nf6 8. Bb5+ Bd7 9. Qe2+ Kf8 10. O-O Nc6 11. N2b3 h6 12. h3 g6 13. Qf3 Kg7 14. Bf4 Qc7 15. Bxd6 Qxd6 16. Rad1 Rad8 17. Bd3 Rhe8 18. Rfe1 Ne5 19. Qg3 Bc8 20. Nb5 Qb8 21. Nxa7 Bd7 22. Nb5 Nxd3 23. Qxd3 Qf4 24. N5d4 Ne4 25. Qe3 Qf6 26. f3 Ng5 27. Qc3 Bxh3 28. gxh3 Nxh3+ 29. Kh2 Nf2 30. Nf5+ gxf5 31. Rg1+ Kh7 32. Qxf6 Rg8 33. Rxg8 Rxg8 34. Rg1 1-0


[Site "https://www.chess.com"]

[Event "Titled Tuesday Blitz April 4 Late 2023"]
[White "Wang, Alexander J"]
[Black "Golubev, Mikhail"]
[WhiteFideId "30955270"]
[BlackFideId "14100983"]
[WhiteElo "2306"]
[BlackElo "2374"]
[Result "1-0"]
[Round "09"]
[TimeControl "180+2"]
[Date "2023.04.04"]
[WhiteClock "0:00:08"]
[BlackClock "0:00:02"]

1. e4 c5 2. Nf3 d6 3. d4 cxd4 4. Nxd4 Nf6 5. Nc3 g6 6. g3 Bg7 7. Bg2 O-O 8. O-O Nc6 9. Nde2 Rb8 10. a4 a6 11. h3 b5 12. axb5 axb5 13. Rb1 b4 14. Nd5 Nd7 15. Ne3 Ba6 16. b3 Bxe2 17. Qxe2 Nd4 18. Qd1 Nb5 19. Bb2 Bxb2 20. Rxb2 Nc3 21. Qd2 Nf6 22. f3 Qb6 23. Kh2 Ra8 24. Nc4 Qc5 25. Qe3 Qxe3 26. Nxe3 Rfc8 27. g4 Ra7 28. Re1 Nd7 29. Nd5 Nxd5 30. exd5 Kf8 31. Re4 Rac7 32. Rxb4 Rxc2 33. Rxc2 Rxc2 34. f4 Nc5 35. Rb8+ Kg7 36. b4 Rb2 37. b5 h6 38. Kg3 g5 39. f5 Kf6 40. Rh8 Rb3+ 41. Kh2 Rxb5 42. Rxh6+ Ke5 43. Rh7 Kf6 44. Kg3 Rb3+ 45. Kh2 Rb2 46. Kg3 Nd3 47. Bf3 Nf4 48. h4 Nd3 49. Rh6+ Ke5 50. hxg5 Nf4 51. Rh7 Rb3 52. Rxf7 Ne2+ 53. Kf2 Nd4 54. Rxe7+ 1-0


[Site "https://www.chess.com"]

[Event "Titled Tuesday Blitz April 4 Late 2023"]
[White "Tyagi, Kushan"]
[Black "Liu, Casper"]
[WhiteFideId "2040069"]
[BlackFideId "1454153"]
[WhiteElo "2306"]
[BlackElo "2221"]
[Result "0-1"]
[Round "09"]
[TimeControl "180+2"]
[Date "2023.04.04"]
[WhiteClock "0:00:19"]
[BlackClock "0:00:20"]

1. d4 Nf6 2. c4 g6 3. g3 Bg7 4. Bg2 O-O 5. Nf3 b6 6. O-O Bb7 7. Nc3 Ne4 8. Qd3 Nxc3 9. Qxc3 c5 10. Be3 Nc6 11. Rfd1 d5 12. cxd5 Qxd5 13. Ne5 Nxd4 14. Bxd5 Nxe2+ 15. Kf1 Nxc3 16. Bxb7 Nxd1 17. Rxd1 Bxe5 18. Bxa8 Rxa8 19. b3 Bd4 20. Ke2 e5 21. f4 Bxe3 22. Kxe3 exf4+ 23. Kxf4 a5 24. Rd6 Rb8 25. Ke5 Re8+ 26. Kd5 Re2 27. Rxb6 Rxa2 28. h4 a4 29. Kxc5 axb3 30. Rxb3 Re2 31. Kd4 Kg7 32. Rf3 f5 33. Rf4 Kh6 34. Kd3 Re8 35. Rd4 Kh5 36. Rd7 h6 37. Rd4 Re4 38. Rxe4 fxe4+ 39. Kxe4 Kg4 40. Ke5 Kxg3 41. Kf6 Kxh4 42. Kxg6 h5 43. Kf5 Kg3 44. Ke4 h4 45. Ke3 h3 46. Ke2 h2 0-1


[Site "https://www.chess.com"]

[Event "Titled Tuesday Blitz April 4 Late 2023"]
[White "Pein, Jonathan"]
[Black "olga-belka"]
[WhiteFideId "417092"]
[WhiteElo "2151"]
[BlackElo "2298"]
[Result "1-0"]
[Round "09"]
[TimeControl "180+2"]
[Date "2023.04.04"]
[WhiteClock "0:00:20"]
[BlackClock "0:01:02"]

1. e4 c5 2. Nf3 d6 3. d4 cxd4 4. Nxd4 Nf6 5. Nc3 a6 6. g3 e5 7. Nb3 Be7 8. Bg5 Be6 9. Bg2 Nbd7 10. O-O h6 11. Be3 O-O 12. h3 b5 13. Nd5 Bxd5 14. exd5 Nb6 15. Na5 Nc4 16. Nxc4 bxc4 17. Qe2 Qc8 18. b3 Bd8 19. bxc4 Ba5 20. Rab1 Qc7 21. c5 dxc5 22. d6 Qxd6 23. Bxa8 Rxa8 24. Rfd1 Qe6 25. Kg2 Bc3 26. Bxc5 Qc6+ 27. Qf3 e4 28. Qxc3 Rc8 29. Rb3 Qxc5 30. Rd8+ Kh7 31. Rxc8 Qd5 32. Qc4 Qd1 33. Re3 1-0


[Site "https://www.chess.com"]

[Event "Titled Tuesday Blitz April 4 Late 2023"]
[White "Kohler, Aran"]
[Black "Kielinkei"]
[WhiteFideId "1002856"]
[WhiteElo "2300"]
[BlackElo "2413"]
[Result "0-1"]
[Round "09"]
[TimeControl "180+2"]
[Date "2023.04.04"]
[WhiteClock "0:00:01"]
[BlackClock "0:00:34"]

1. d4 f5 2. Qd3 d5 3. g4 fxg4 4. h3 Nf6 5. hxg4 Bxg4 6. Bh3 Qd7 7. f3 Bxh3 8. Nxh3 Nc6 9. Bf4 O-O-O 10. Ng5 e6 11. a3 h6 12. Nh3 Bd6 13. Nc3 g5 14. Bxd6 Qxd6 15. O-O-O e5 16. dxe5 Qxe5 17. Kb1 Kb8 18. Nf2 h5 19. e3 h4 20. Qe2 Rhe8 21. Rde1 d4 22. exd4 Qxe2 23. Rxe2 Nxd4 24. Rxe8 Rxe8 25. Rh3 Re1+ 26. Ka2 Nxc2 27. Nfe4 Nxe4 28. Nxe4 Rg1 29. f4 gxf4 30. Rxh4 b6 31. Rxf4 Ra1+ 32. Kb3 Nd4+ 33. Kc4 Nc6 34. Rf8+ Kb7 35. Nc3 Rh1 36. Kb3 Rh2 37. a4 Na5+ 38. Ka2 Nc4 39. Nd1 Rd2 40. Rf1 Ka6 41. Kb3 Na5+ 42. Ka2 Nc4 43. Kb3 Nd6 44. Kc3 Rh2 45. b4 Ne4+ 46. Kd4 Nd6 47. Rf8 Rd2+ 48. Kc3 Rxd1 0-1


[Site "https://www.chess.com"]

[Event "Titled Tuesday Blitz April 4 Late 2023"]
[White "Georg, Heinz"]
[Black "Gerbelli Neto, Eduardo"]
[WhiteFideId "4607295"]
[BlackFideId "2103281"]
[WhiteElo "2257"]
[BlackElo "2178"]
[Result "0-1"]
[Round "09"]
[TimeControl "180+2"]
[Date "2023.04.04"]
[WhiteClock "0:00:02"]
[BlackClock "0:00:14"]

1. e4 e5 2. Nf3 Nc6 3. Nc3 Nf6 4. d4 exd4 5. Nd5 Nb4 6. Bc4 Nbxd5 7. exd5 Bb4+ 8. Bd2 Qe7+ 9. Qe2 Bxd2+ 10. Kxd2 Qxe2+ 11. Kxe2 d6 12. Nxd4 O-O 13. Rhe1 Bd7 14. Kf1 Rfe8 15. f3 Kf8 16. Kf2 Re5 17. Rxe5 dxe5 18. Nb3 b5 19. Bf1 Nxd5 20. Nc5 Bc6 21. Rd1 Nb6 22. Na6 Rc8 23. b3 Ke7 24. Rd3 Be8 25. Re3 Kf6 26. Rd3 c6 27. g3 Bd7 28. c4 Bf5 29. Rd2 bxc4 30. bxc4 Ke7 31. g4 Be6 32. c5 Nd5 33. Rb2 Rd8 34. Nb8 Bd7 35. Rb7 Ke8 36. Bc4 Nf4 37. Kg3 f6 38. h4 g6 39. g5 fxg5 40. hxg5 Nd5 41. Bxd5 cxd5 42. c6 Bf5 43. c7 Rc8 44. Nc6 Kd7 45. Nxa7 Rxc7 46. Rxc7+ Kxc7 47. Nb5+ Kc6 48. Nc3 d4 0-1


[Site "https://www.chess.com"]

[Event "Titled Tuesday Blitz April 4 Late 2023"]
[White "Osmonbekov, Talaibek"]
[Black "Celestino, Rafael Teixeira"]
[WhiteFideId "2017253"]
[BlackFideId "2108925"]
[WhiteElo "2135"]
[BlackElo "2377"]
[Result "0-1"]
[Round "09"]
[TimeControl "180+2"]
[Date "2023.04.04"]
[WhiteClock "0:00:02"]
[BlackClock "0:00:07"]

1. d4 Nf6 2. Bf4 c5 3. e3 Qb6 4. b3 Nc6 5. d5 Nb4 6. Bc4 e6 7. d6 Nbd5 8. Bg3 Bxd6 9. Bxd6 Qxd6 10. Nc3 Qe5 11. Nxd5 Nxd5 12. Bxd5 Qc3+ 13. Ke2 exd5 14. Nf3 O-O 15. Qxd5 Qxc2+ 16. Nd2 Rb8 17. Qd6 Ra8 18. Rhc1 Qb2 19. Qd5 a5 20. Qxc5 b6 21. Qxb6 Ba6+ 22. Ke1 Rac8 23. Rcb1 Qe5 24. Qxa6 Qxh2 25. Qf1 Rc2 26. Rc1 Rfc8 27. Kd1 Qh5+ 28. g4 Qxg4+ 29. f3 Qg6 30. e4 Qc6 31. Rxc2 Qxc2+ 32. Ke1 Rc3 33. Qe2 Qb2 34. Rd1 Qxa2 35. Qb5 h6 36. Qxd7 Re3+ 37. Kf2 Rc3 38. Qd8+ Kh7 39. Qd4 Qc2 40. Re1 Rd3 0-1


[Site "https://www.chess.com"]

[Event "Titled Tuesday Blitz April 4 Late 2023"]
[White "Antonova, Nadezhda"]
[Black "Qiao, Cindy"]
[WhiteFideId "14700182"]
[BlackFideId "2620243"]
[WhiteElo "1765"]
[BlackElo "1777"]
[Result "0-1"]
[Round "09"]
[TimeControl "180+2"]
[Date "2023.04.04"]
[WhiteClock "0:00:02"]
[BlackClock "0:00:26"]

1. Nf3 d5 2. b3 Nf6 3. Bb2 e6 4. g3 Be7 5. Bg2 O-O 6. O-O b6 7. c4 Bb7 8. Nc3 Nbd7 9. d4 c5 10. cxd5 Nxd5 11. Re1 N7f6 12. e3 Rc8 13. Rc1 Nxc3 14. Bxc3 Ne4 15. Ba1 Bf6 16. Ne5 Bxe5 17. dxe5 Qc7 18. Qc2 Ng5 19. e4 h6 20. f4 Nh7 21. h3 Rfd8 22. Rcd1 Nf8 23. Qc3 b5 24. Rd6 c4 25. Red1 Qc5+ 26. Kh2 Re8 27. b4 Qc7 28. a3 Qb8 29. Qd4 Qa8 30. Bc3 a6 31. Rd2 Ng6 32. h4 Ne7 33. Rd7 Nc6 34. Qe3 Rcd8 35. f5 Rxd7 36. Rxd7 Rd8 37. Rxd8+ Qxd8 38. f6 Qd3 39. Qxd3 cxd3 40. Bd2 Nxe5 41. fxg7 Kxg7 42. Kg1 Nc4 43. Bf4 d2 44. Bf3 Bxe4 45. Bd1 Nb2 0-1


[Site "https://www.chess.com"]

[Event "Titled Tuesday Blitz April 4 Late 2023"]
[White "Weisz, Bryan"]
[Black "Manu_ChessExcelsior"]
[WhiteFideId "30934133"]
[WhiteElo "2361"]
[BlackElo "2159"]
[Result "1-0"]
[Round "09"]
[TimeControl "180+2"]
[Date "2023.04.04"]
[WhiteClock "0:00:42"]
[BlackClock "0:00:20"]

1. c4 e6 2. Nc3 d5 3. d4 a6 4. Nf3 dxc4 5. e4 b5 6. a4 b4 7. Nb1 c5 8. Bxc4 Bb7 9. d5 exd5 10. exd5 Bd6 11. O-O Ne7 12. b3 O-O 13. Bb2 Nxd5 14. Nbd2 Nc3 15. Qc2 Qf6 16. Rac1 Bf4 17. Bxc3 bxc3 18. Qxc3 Bxf3 19. Qxf3 Bxd2 20. Qxa8 Bxc1 21. Rxc1 Rd8 22. g3 h5 23. Qa7 g6 24. Qxc5 Kg7 25. Re1 Nc6 26. Bxa6 Ne5 27. Qxe5 1-0


[Site "https://www.chess.com"]

[Event "Titled Tuesday Blitz April 4 Late 2023"]
[White "Vifleemskaia, Svetlana"]
[Black "Zampronha, Wladimir Camilo"]
[WhiteFideId "4129490"]
[BlackFideId "2103087"]
[WhiteElo "1930"]
[BlackElo "2176"]
[Result "0-1"]
[Round "09"]
[TimeControl "180+2"]
[Date "2023.04.04"]
[WhiteClock "0:00:04"]
[BlackClock "0:00:23"]

1. d4 Nf6 2. c4 e6 3. Nc3 Bb4 4. e3 O-O 5. Ne2 d5 6. a3 Be7 7. cxd5 exd5 8. g3 c6 9. Bg2 Re8 10. O-O Nbd7 11. f3 c5 12. Kh1 b6 13. g4 h6 14. Ng3 Bb7 15. Nf5 Bf8 16. Re1 Rc8 17. Qd3 g6 18. Ng3 Bg7 19. Nb5 Ba6 20. a4 cxd4 21. Qxd4 Nc5 22. Qd1 Qd7 23. Nd4 Nd3 24. Re2 Nxc1 25. Rxc1 Bxe2 26. Ndxe2 Rxc1 27. Qxc1 Qxa4 28. Nd4 Qd7 29. h4 Rc8 30. Qd2 Qc7 31. Nge2 Nd7 32. Bh3 Re8 33. Kg2 Qc4 34. g5 hxg5 35. hxg5 Ne5 36. Nc3 Qd3 37. Qxd3 Nxd3 38. Nd1 Bxd4 39. exd4 Nxb2 40. Nxb2 Re2+ 41. Kg3 Rxb2 42. Kf4 a5 0-1


[Site "https://www.chess.com"]

[Event "Titled Tuesday Blitz April 4 Late 2023"]
[White "Kalajzic, Ivan"]
[Black "Kujawski, Adam"]
[WhiteFideId "14506378"]
[BlackFideId "1100920"]
[WhiteElo "2203"]
[BlackElo "2054"]
[Result "1-0"]
[Round "09"]
[TimeControl "180+2"]
[Date "2023.04.04"]
[WhiteClock "0:00:28"]
[BlackClock "0:00:01"]

1. c4 e5 2. Nc3 Nc6 3. d3 g6 4. g3 Bg7 5. Bg2 d6 6. e4 Nge7 7. Nge2 f5 8. O-O O-O 9. Bg5 h6 10. Bxe7 Qxe7 11. Nd5 Qf7 12. b4 g5 13. exf5 Bxf5 14. b5 Nd8 15. Nec3 c6 16. Ne3 Bd7 17. Ne4 Qe7 18. bxc6 bxc6 19. Rb1 Be6 20. Qh5 Bf7 21. Qe2 Ne6 22. Nc2 Rac8 23. a4 d5 24. Nd2 Nc5 25. a5 Rce8 26. cxd5 cxd5 27. Nb3 Na4 28. Qd2 e4 29. dxe4 Nc3 30. Rbe1 dxe4 31. Ncd4 Bxb3 32. Qxc3 Bd5 33. Qe3 Qc5 34. Nf5 Qxe3 35. Nxe3 Bc6 36. Rc1 Bb5 37. Rfd1 Rf7 38. Rd5 a6 39. Nf5 Ref8 40. g4 Bb2 41. Re1 Bd3 42. Bxe4 Bxe4 43. Rxe4 Kh7 44. Re6 Rf6 45. Rd7+ Kh8 46. Ree7 Rxf5 47. Rh7+ Kg8 48. gxf5 Rxf5 49. Rhe7 Rf8 50. Rb7 Bf6 51. Re6 Bd4 52. Rxa6 Bxf2+ 53. Kg2 h5 54. Rg6+ Kh8 55. Rxg5 h4 56. Rh5+ Kg8 57. a6 1-0


[Site "https://www.chess.com"]

[Event "Titled Tuesday Blitz April 4 Late 2023"]
[White "Ai, Evan"]
[Black "Jiganchine, Roman"]
[WhiteFideId "2094770"]
[BlackFideId "2603667"]
[WhiteElo "1963"]
[BlackElo "2293"]
[Result "1-0"]
[Round "09"]
[TimeControl "180+2"]
[Date "2023.04.04"]
[WhiteClock "0:00:05"]
[BlackClock "0:00:10"]

1. e4 c6 2. d4 d5 3. Nc3 dxe4 4. Nxe4 Nf6 5. Nxf6+ exf6 6. c3 Bd6 7. Bd3 Na6 8. Ne2 Nc7 9. O-O O-O 10. Bf4 Nd5 11. Bxd6 Qxd6 12. Ng3 Re8 13. Qf3 Bd7 14. Ne4 Qf4 15. Nc5 Qxf3 16. gxf3 Bh3 17. Rfe1 b6 18. Ne4 Nf4 19. Bc4 Rad8 20. a4 h6 21. a5 b5 22. Bb3 Nd3 23. Red1 Nxb2 24. Rd2 Nc4 25. Bxc4 bxc4 26. Nc5 Re7 27. Rb1 Rde8 28. Rdd1 g5 29. Ne4 Kg7 30. Nd6 Rd8 31. Nxc4 Bf5 32. Re1 Rde8 33. Rxe7 Rxe7 34. Rd1 Bh3 35. Ne3 Rb7 36. c4 f5 37. d5 f4 38. Ng4 cxd5 39. cxd5 f5 40. Ne5 g4 41. d6 g3 42. hxg3 fxg3 43. d7 Rb2 44. d8=Q gxf2+ 45. Kh1 f1=Q+ 46. Rxf1 Bg2+ 47. Kg1 1-0


[Site "https://www.chess.com"]

[Event "Titled Tuesday Blitz April 4 Late 2023"]
[White "Mirimanian, Hayk"]
[Black "Michalski, Olaf"]
[WhiteFideId "4700180"]
[BlackFideId "1106740"]
[WhiteElo "2280"]
[BlackElo "2173"]
[Result "1-0"]
[Round "09"]
[TimeControl "180+2"]
[Date "2023.04.04"]
[WhiteClock "0:01:44"]
[BlackClock "0:00:02"]

1. e4 c5 2. Nf3 a6 3. g3 Nc6 4. Bg2 g6 5. O-O Bg7 6. c3 e5 7. Na3 Nge7 8. Nc2 O-O 9. d4 cxd4 10. cxd4 exd4 11. Nfxd4 d5 12. Bg5 Qb6 13. Nxc6 Nxc6 14. exd5 Ne5 15. b4 Bg4 16. Qb1 Nf3+ 17. Kh1 Bxa1 18. Qxa1 f6 19. Be3 Qd6 20. h3 1-0


[Site "https://www.chess.com"]

[Event "Titled Tuesday Blitz April 4 Late 2023"]
[White "Tarnowska, Aleksandra"]
[Black "Vaglio Munoz, Jaime"]
[WhiteFideId "1180967"]
[BlackFideId "6500145"]
[WhiteElo "1776"]
[BlackElo "2199"]
[Result "0-1"]
[Round "09"]
[TimeControl "180+2"]
[Date "2023.04.04"]
[WhiteClock "0:00:03"]
[BlackClock "0:01:14"]

1. e4 c5 2. Nf3 Qa5 3. Nc3 a6 4. d4 b5 5. dxc5 e6 6. Bd2 b4 7. Ne2 Bxc5 8. Ned4 Qb6 9. Be3 Bb7 10. Bd3 Nf6 11. O-O Nxe4 12. c3 Nf6 13. cxb4 Qxb4 14. Rc1 Qb6 15. Rxc5 Qxc5 16. Nxe6 Qd5 17. Nc7+ Kd8 18. Nxd5 Nxd5 19. Ne5 Rf8 20. Bc4 Ne7 21. Nxf7+ Rxf7 22. Bxf7 Nbc6 23. Be6 Bc8 24. Bb6+ Ke8 25. Bd5 Rb8 26. Bxc6 Rxb6 27. Be4 g6 28. Re1 Kd8 29. Bd5 Nf5 30. Qd3 Rd6 31. b3 Bb7 32. Re5 Ne7 33. Qe3 Nxd5 34. Re8+ Kc7 35. Qc1+ Rc6 36. Qd1 Nf6 37. Re1 Rd6 38. Qc1+ Bc6 39. Qf4 Nd5 40. Qg3 g5 41. h3 Nf4 42. Qe3 Re6 43. Qd2 Rd6 44. Qc3 Nd3 45. Rd1 Nf4 46. Qe5 Nd5 47. Qxd6+ Kxd6 48. g3 Ke5 49. f4+ gxf4 50. gxf4+ Nxf4 51. Re1+ Kf5 52. Re8 Nxh3+ 53. Kf1 Ng5 54. Rf8+ Kg6 55. Rg8+ Kh5 56. Rf8 Kg4 57. a4 h5 58. Rg8 h4 59. Kg1 h3 60. Rg7 Kh4 61. Rg8 Nf3+ 62. Kf2 h2 63. Rh8+ Kg4 64. Rg8+ Kf4 65. Rf8+ Ke5 66. Re8+ Kf6 67. Rf8+ Ke7 68. Rh8 Be4 69. b4 d5 70. b5 axb5 71. axb5 Kd6 72. Rc8 h1=Q 73. b6 Qg1+ 0-1


[Site "https://www.chess.com"]

[Event "Titled Tuesday Blitz April 4 Late 2023"]
[White "Pirvulescu, Ekaterina"]
[Black "KorolDimitriy75"]
[WhiteFideId "13506374"]
[WhiteElo "2006"]
[BlackElo "2375"]
[Result "1/2-1/2"]
[Round "09"]
[TimeControl "180+2"]
[Date "2023.04.04"]
[WhiteClock "0:00:28"]
[BlackClock "0:00:09"]

1. c4 c5 2. Nf3 g6 3. Nc3 Bg7 4. g3 Nc6 5. Bg2 Nh6 6. d3 Nf5 7. O-O h5 8. e4 Nfd4 9. Nxd4 Nxd4 10. Be3 d6 11. Ne2 Nxe2+ 12. Qxe2 e6 13. Rab1 O-O 14. a3 b6 15. Qd2 Bb7 16. b4 Rc8 17. Bh6 Qf6 18. Bxg7 Qxg7 19. Qb2 e5 20. Bh3 Rce8 21. f4 exf4 22. Qxg7+ Kxg7 23. Rxf4 f6 24. Rbf1 Re5 25. Bd7 Rf7 26. Ba4 g5 27. Rf5 Bc8 28. Rxe5 fxe5 29. Rxf7+ Kxf7 30. Kf2 Ke7 31. Bd1 g4 32. Ke3 Bd7 33. Bb3 Kf6 34. b5 Ke7 35. a4 Bc8 36. Bd1 Kf6 37. Kf2 Bd7 38. Kg2 Be6 39. Kf2 Bd7 40. Ke3 Be6 41. Kf2 Bd7 1/2-1/2


[Site "https://www.chess.com"]